 Dungeon Crawl Stone Soup version 0.25-a0-474-ga8a2ee3 (webtiles) character file.

Game seed: 1836472146777937312, levelgen mode: deterministic

114 15 the Grasshopper (level 4, -1/37 HPs)
             Began as a Centaur Warper on Feb 7, 2020.
             Slain by Purgy (3 damage)
             ... in a sewer.
             The game lasted 00:07:13 (2588 turns).

15 the Grasshopper (Centaur Warper)                 Turns: 2588, Time: 00:07:13

Health: -1/37      AC:  5    Str: 13    XL:     4   Next: 66%
Magic:  7/7        EV:  9    Int: 12    God:
Gold:   154        SH:  0    Dex: 10    Spells: 0/7 levels left

rFire    . . .     SeeInvis +   a - +0 mace
rCold    . . .     Gourm    .   (no shield)
rNeg     . . .     Faith    .   b - +0 leather armour
rPois    .         Spirit   .   (no helmet)
rElec    .         Reflect  .   n - +0 cloak
rCorr    .         Harm     .   (no gloves)
MR       .....     Rnd*Tele +   (no barding)
Stlth    +.........             (no amulet)
HPRegen  0.12/turn              j - ring of see invisible
MPRegen  0.10/turn              l - ring of teleportation (curse)

@: very quick
A: large, hooves 3, deformed body, speed 2, tough skin 3
a: no special abilities


You were in a sewer.
You were hungry.

You visited 1 branch of the dungeon, and saw 3 of its levels.
You also visited: Sewer.

You collected 154 gold pieces.

Inventory:

Hand Weapons
 a - a +0 mace (weapon)
Missiles
 c - 59 bolts
 e - 5 boomerangs of dispersal (quivered)
 g - 38 arrows
Armour
 b - a +0 leather armour (worn)
 n - a +0 cloak (worn)
Jewellery
 j - a ring of see invisible (left hand)
 l - a cursed ring of teleportation (right hand)
Scrolls
 d - 2 scrolls of blinking
 h - a scroll of teleportation
 o - a scroll of identify {unknown}
 p - 2 scrolls of amnesia {unknown}
 q - a scroll of remove curse {unknown}
 r - a scroll of fog {unknown}
Potions
 s - 2 potions of flight
Comestibles
 f - 4 rations
 m - 2 chunks of flesh


   Skills:
 * Level 2.5 Fighting
 + Level 2.3 Maces & Flails
 + Level 1.1 Throwing
 * Level 1.4 Armour
 * Level 1.7 Dodging
 + Level 0.3 Stealth
 * Level 2.2 Spellcasting
 * Level 3.1 Translocations


You couldn't memorise any spells.
You knew the following spells:

 Your Spells              Type           Power        Failure   Level  Hunger
a - Blink                 Tloc           N/A          14%         2    ###....
b - Shroud of Golubria    Chrm/Tloc      #.....       26%         2    ###....
c - Gell's Gravitas       Tloc           #.........   28%         3    ####...

Your spell library contained the following spells:

 Spells                   Type           Power        Failure   Level  Hunger
 Lesser Beckoning         Tloc           #.........   28%         3    ####...
 Teleport Other           Tloc           #.......     28%         3    ####...
 Passage of Golubria      Tloc           N/A          67%         4    #####..


Dungeon Overview and Level Annotations

Branches:
Dungeon (3/15)              Sewer (1/1)

Altars:

Annotations:
Sewer Purgy


Innate Abilities, Weirdness & Mutations

You have hooves in place of feet.
Armour fits poorly on your strangely shaped body.
You cover ground very quickly.
You have extremely tough skin. (AC +3)


Message History

Purgy is heavily wounded.
Purgy bites you.
* * * LOW HITPOINT WARNING * * *
Purgy claws you but does no damage. x2; Purgy bites you.
* * * LOW HITPOINT WARNING * * *
Purgy claws you but does no damage. x2
You hit Purgy. Your kick misses Purgy.
Purgy is heavily wounded.
Purgy completely misses you. Purgy misses you.
Purgy claws you but does no damage.
You barely miss Purgy.
Purgy is heavily wounded.
Purgy bites you.
* * * LOW HITPOINT WARNING * * *
Purgy claws you but does no damage. x2
You hit Purgy.
Purgy is severely wounded.
Purgy bites you but does no damage. Purgy claws you but does no damage.
Purgy claws you.
You die...

## ############### #?
#.##∩##.##)##.# #.
#.##.##.##.##.#
#+##'##'##.##'##'##'#
######.......T@..........######
≈≈≈≈≈#≈≈≈≈≈≈≈≈≈.≈≈≈≈≈≈≈≈≈#≈≈≈≈≈
≈≈≈≈≈#≈≈≈≈≈≈≈≈≈∩≈≈≈≈≈≈≈≈≈#≈≈≈≈≈
≈≈≈≈≈#≈≈≈≈≈≈≈≈≈.≈≈≈≈≈≈≈≈≈#≈≈≈≈≈
###...................######
#)##'##'##'##÷##'##'#
#.##.##.##.##.##.##.#
#.##.##.##.##.##.##.#
#####################


You could see Purgy.

Vanquished Creatures
  5 adders
  An ooze (D:1)
  An adder skeleton (D:2)
  2 worms
  3 dart slugs
  A leopard gecko (D:1)
  5 giant cockroaches
  9 hobgoblins
  A ball python (D:3)
  3 bats
  5 frilled lizards
  4 goblins (D:2)
  6 kobolds
  7 rats
53 creatures vanquished.

Notes
Turn   | Place    | Note
-------+----------+-------------------------------------------
     0 | D:1      | 15 the Centaur Warper began the quest for the Orb.
     0 | D:1      | Reached XP level 1. HP: 17/17 MP: 3/3
   247 | D:1      | Reached XP level 2. HP: 17/24 MP: 4/4
   408 | D:1      | Learned a level 2 spell: Blink
   837 | D:2      | Reached XP level 3. HP: 5/29 MP: 6/6
  1289 | D:2      | Reached skill level 1 in Armour
  1815 | D:2      | Reached skill level 3 in Translocations
  2057 | D:2      | Reached XP level 4. HP: 34/37 MP: 7/7
  2064 | D:2      | Learned a level 2 spell: Shroud of Golubria
  2068 | D:2      | Learned a level 3 spell: Gell's Gravitas
  2200 | D:3      | Found a glowing drain.
  2234 | Sewer    | Entered a sewer
  2565 | Sewer    | Noticed Purgy
  2588 | Sewer    | Slain by Purgy

Levels and vault maps discovered:
D:1:      dpeg_arrival_court, layout_rooms
D:2:      layout_loops_cross, grunt_ministairs_6, kennysheep_decorative_pillar
D:3:      layout_rooms, portal_sewer_entry_c, minmay_misc_feat_cross
Sewer:    kennysheep_door_sewer

Skill      XL: |  1  2  3 |
---------------+----------+-----
Maces & Flails | 2 |  2.3
Spellcasting   | 2 |  2.2
Armour         | 1 |  1.4
Translocations | 3 |  3.1
Fighting       | |  2.5
Throwing       | |  1.1
Dodging        | |  1.7
Stealth        | |  0.3

Action                   |  1- 3 |  4- 6 || total
-------------------------+-------+-------++-------
Melee: Mace              |   115 |    64 ||   179
       Kick              |    23 |    11 ||    34
  Use: Scroll            |     3 |     1 ||     4
       Potion            |     1 |     3 ||     4
  Eat: Chunk             |     3 |     1 ||     4
Armor: Leather armour    |    31 |    49 ||    80
Dodge: Dodged            |    48 |    43 ||    91

Table legend:
 A = Non-vault XP
 B = Vault XP
 C = Vault XP percentage of total XP
 D = Non-vault monster count
 E = Vault monster count
 F = Vault count percentage of total count
                 A         B        C        D         E       F
            +---------+---------+-------+---------+---------+-------
      Total |     103 |      60 |  36.8 |      38 |      15 |  28.3
            +---------+---------+-------+---------+---------+-------
        D:1 |      24 |       0 |   0.0 |      11 |       0 |   0.0
        D:2 |      59 |      14 |  19.2 |      23 |       2 |   8.0
        D:3 |      20 |      26 |  56.5 |       4 |       8 |  66.7
      Sewer |       0 |      20 | 100.0 |       0 |       5 | 100.0
            +---------+---------+-------+---------+---------+-------
